 Dungeon Crawl Stone Soup version 0.21.1-1-g345015f (webtiles) character file.

9555 kae the Martial Artist (level 11, -1/88 HPs)
             Began as an Octopode Transmuter on May 30, 2018.
             Was a High Priest of Ru.
             Slain by a cyan ugly thing (16 damage)
             ... on level 11 of the Dungeon.
             The game lasted 00:15:36 (14272 turns).

kae the Martial Artist (Octopode Transmuter)       Turns: 14272, Time: 00:15:37

Health: -1/88      AC:  6    Str: 13    XL:     11   Next: 48%
Magic:  17/20      EV: 14    Int: 18    God:    Ru [*****.]
Gold:   573        SH:  0    Dex: 17    Spells: 7/22 levels left

rFire    x . .     SeeInvis .     - Unarmed
rCold    + + +     Gourm    .   (helmet currently unavailable)
rNeg     . . .     Faith    .   (no amulet)
rPois    +         Spirit   .   g - ring of protection from cold
rElec    .         Reflect  .   A - +3 ring of strength
rCorr    .         Harm     .   C - +2 ring of dexterity
MR       .....                  s - +2 ring of intelligence
Stlth    ++........             (no ring)
HPRegen  0.24/turn              (no ring)
MPRegen  0.17/turn              (no ring)

@: ice-form
A: large, almost no armour, stealthy swim, amphibious, 7 rings, (constrict 7),
missing a hand, inability to use devices
a: End Transformation, Draw Out Power, Power Leap, Apocalypse, Renounce Religion


You were on level 11 of the Dungeon.
You worshipped Ru.
Ru was extremely pleased with you.
You were near starving.
You were a creature of crystalline ice.
You visited 2 branches of the dungeon, and saw 12 of its levels.

You collected 573 gold pieces.

Inventory:

Missiles
 a - 104 arrows
Jewellery
 g - a ring of protection from cold (left front paw)
 s - a +2 ring of intelligence (on tentacle)
 A - a +3 ring of strength (right front paw)
 C - a +2 ring of dexterity (on tentacle)
Scrolls
 d - 6 scrolls of teleportation
 e - 5 scrolls of remove curse
 f - 2 scrolls of identify
 i - 2 scrolls of enchant armour
 l - 2 scrolls of magic mapping
 m - 3 scrolls of fear
 z - a scroll of amnesia
Potions
 j - 3 potions of brilliance
 k - 8 potions of curing
 n - a potion of heal wounds
 o - a potion of invisibility
 p - a potion of berserk rage
 q - 4 potions of haste
 r - a potion of cancellation
 u - 2 potions of mutation
 v - 2 potions of might
 w - a potion of agility
 D - a potion of ambrosia
Books
 b - a book of Changes

   Spells                             Type                      Level
   a - Beastly Appendage              Transmutation                1
   b - Sticks to Snakes               Transmutation                2
   c - Spider Form                    Transmutation/Poison         3
   d - Ice Form                       Ice/Transmutation            4
   e - Blade Hands                    Transmutation                5
 h - a book of Transfigurations

   Spells                             Type                      Level
   a - Irradiate                      Conjuration/Transmutation    5
   b - Statue Form                    Transmutation/Earth          6
   c - Hydra Form                     Transmutation                6
   d - Dragon Form                    Transmutation                7
 F - a book of Callings

   Spells                             Type                      Level
   a - Summon Small Mammal            Summoning                    1
   b - Call Imp                       Summoning                    2
   c - Call Canine Familiar           Summoning                    3
   d - Summon Guardian Golem          Hexes/Summoning              3
   e - Summon Lightning Spire         Summoning/Air                4
   f - Summon Ice Beast               Ice/Summoning                4
 H - a book of Misfortune

   Spells                             Type                      Level
   a - Confusing Touch                Hexes                        1
   b - Confuse                        Hexes                        3
   c - Gell's Gravitas                Translocation                3
   d - Petrify                        Transmutation/Earth          4
   e - Metabolic Englaciation         Hexes/Ice                    5
   f - Yara's Violent Unravelling     Hexes/Transmutation          5
 I - a book of Air

   Spells                             Type                      Level
   a - Shock                          Conjuration/Air              1
   b - Swiftness                      Charms/Air                   2
   c - Static Discharge               Conjuration/Air              3
   d - Airstrike                      Air                          4
   e - Lightning Bolt                 Conjuration/Air              5
Comestibles
 c - 22 rations


   Skills:
 + Level 6.7 Fighting
 + Level 7.0 Dodging
 * Level 10.0 Unarmed Combat
 + Level 6.3 Spellcasting
 * Level 9.7 Transmutations


You had 7 spell levels left.
You knew the following spells:

 Your Spells              Type           Power        Failure   Level  Hunger
a - Beastly Appendage     Tmut           #####.       1%          1    None
b - Sticks to Snakes      Tmut           #####...     1%          2    None
c - Spider Form           Tmut/Pois      ###.......   4%          3    ##.....
d - Blade Hands           Tmut           #####.....   6%          5    #####..
e - Ice Form              Ice/Tmut       ###.....     16%         4    ####...


Dungeon Overview and Level Annotations

Branches:
Dungeon (11/15)            Temple (1/1) D:5
   Lair: D:8-11         Orc: D:9-12

Altars:
Ashenzari
Cheibriados
Dithmenos
Elyvilon
Fedhas
Gozag
Hepliaklqana
Kikubaaqudgha
Makhleb
Nemelex Xobeh
Okawaru
Qazlal
Ru
Sif Muna
Trog
Uskayaw
Vehumet
Wu Jian
Xom
Yredelemnul
Zin
The Shining One
Beogh

Annotations:
D:2 2 transporters
D:6 olivier's ghost, novice DrBe


Innate Abilities, Weirdness & Mutations

You cannot wear most types of armour.
You are very stealthy in the water. (Stealth+)
You are amphibious.
You can wear up to seven rings at the same time.
((You can use your tentacles to constrict seven enemies at once.))
((Your skin changes colour to match your surroundings (Stealth+).))
((Your rubbery body absorbs attacks. (AC +1, EV +1)))
You are missing a hand.
You cannot study or use magical devices.


Message History

You hit the cyan ugly thing but do no damage.
The cyan ugly thing is stunned by your will and fails to attack.
You punch the cyan ugly thing! You freeze the cyan ugly thing.
The cyan ugly thing is lightly wounded.
The cyan ugly thing pecks you. The cyan ugly thing shocks you!
You hit the cyan ugly thing. You freeze the cyan ugly thing.
The cyan ugly thing is moderately wounded.
The cyan ugly thing misses you.
You hit the cyan ugly thing. You freeze the cyan ugly thing.
The cyan ugly thing is moderately wounded.
The cyan ugly thing pecks you! The cyan ugly thing shocks you!
* * * LOW HITPOINT WARNING * * *
You punch the cyan ugly thing! You freeze the cyan ugly thing.
The cyan ugly thing is heavily wounded.
You punch the cyan ugly thing! You freeze the cyan ugly thing.
The cyan ugly thing is almost dead.
The cyan ugly thing pecks you.
* * * LOW HITPOINT WARNING * * *
The cyan ugly thing shocks you!
You die...

#. #........ #. #........
#.. #........ #..
#........ #...#.......#
#.. #...#.......# #....
#...u.......# #...
#Y......#
#.....#+###.......#
#.................#
#..######+#.......#
#..#......#.......#
#..'......#.......###
#..#.<....#..........
#####..########..........
..........................


You could see a cyan ugly thing.

Vanquished Creatures
  Snorg (D:10)
  3 two-headed ogres
  Sonja (D:10)
  Pikel (D:7)
  Joseph (D:8)
  2 hippogriffs
  Sigmund (D:3)
  6 yaks (D:10)
  A spriggan (D:9)
  5 orc warriors
  2 sky beasts
  A slave (D:7)
  2 phantoms
  4 black bears
  2 centaurs (D:9)
  A wyvern zombie (D:8)
  3 bullfrogs
  2 water moccasin zombies (D:9)
  A wyvern skeleton (D:10)
  4 scorpions
  6 killer bees
  8 wights (D:9)
  A howler monkey (D:9)
  A crimson imp (D:2)
  4 hounds
  2 quasits
  A centaur zombie (D:10)
  2 jellies (D:7)
  8 orc priests
  An iron imp (D:9)
  2 centaur skeletons
  3 bullfrog skeletons
  3 iguanas
  8 orc wizards
  2 hell rats (D:7)
  10 worker ants
  A worker ant zombie (D:7)
  Robin (D:3)
  6 adders
  A howler monkey skeleton (D:4)
  3 river rats (D:7)
  A shadow imp (D:2)
  2 oozes
  An adder skeleton (D:6)
  3 worms
  3 dart slugs
  8 leopard geckos
  22 orcs
  4 ball pythons
  10 giant cockroaches
  8 goblins
  14 hobgoblins
  14 jackals
  8 kobolds
  9 quokkas
  10 bats
  4 frilled lizards
  A goblin skeleton (D:9)
  A goblin zombie (D:9)
  2 hobgoblin zombies (D:9)
  A kobold skeleton (D:9)
  A quokka zombie (D:5)
  19 rats
264 creatures vanquished.

Vanquished Creatures (collateral kills)
  An iguana (D:2)
  An adder (D:2)
  A dart slug (D:2)
3 creatures vanquished.

Vanquished Creatures (others)
  A centaur skeleton (D:6)
  2 jackals (D:6)
3 creatures vanquished.

Grand Total: 270 creatures vanquished

Notes
Turn   | Place    | Note
-------+----------+-------------------------------------------
     0 | D:1      | kae the Octopode Transmuter began the quest for the Orb.
     0 | D:1      | Reached XP level 1. HP: 13/13 MP: 3/3
    63 | D:1      | Reached XP level 2. HP: 8/18 MP: 5/5
  1302 | D:1      | Learned a level 2 spell: Sticks to Snakes
  1310 | D:2      | Noticed a crimson imp
  1329 | D:2      | Reached XP level 3. HP: 23/23 MP: 6/6
  1350 | D:2      | Reached XP level 4. HP: 12/28 MP: 7/7
  1508 | D:2      | HP: 1/28 [iguana (9)]
  2093 | D:2      | Learned a level 3 spell: Spider Form
  2445 | D:2      | Reached XP level 5. HP: 34/34 MP: 8/8
  2539 | D:2      | Found a transporter.
  2544 | D:2      | Found a transporter.
  2544 | D:2      | Noticed a sky beast
  2549 | D:2      | Noticed a phantom
  2551 | D:2      | Found a snail-covered altar of Cheibriados.
  2633 | D:2      | Reached skill level 4 in Unarmed Combat
  2998 | D:3      | Found a basalt altar of Yredelemnul.
  3071 | D:3      | Reached XP level 6. HP: 32/39 MP: 5/10
  3257 | D:3      | Noticed Sigmund
  3265 | D:3      | Killed Sigmund
  3423 | D:3      | Noticed Robin
  3441 | D:3      | Killed Robin
  3441 | D:3      | Reached XP level 7. HP: 27/45 MP: 8/11
  4233 | D:4      | Reached skill level 5 in Unarmed Combat
  4742 | D:5      | Entered Level 5 of the Dungeon
  4852 | D:5      | Found a staircase to the Ecumenical Temple.
  4933 | Temple   | Entered the Ecumenical Temple
  5088 | Temple   | Became a worshipper of Ru the Awakened
  5315 | D:5      | Reached skill level 5 in Transmutations
  5594 | D:5      | Reached XP level 8. HP: 52/52 MP: 9/13
  6196 | D:6      | Found a hide-covered altar of Uskayaw.
  6400 | D:6      | Found a radiant altar of Vehumet.
  6444 | D:6      | Reached skill level 6 in Unarmed Combat
  6451 | D:6      | Found a bloodstained altar of Trog.
  6488 | D:6      | Gained mutation: You are missing a hand. [Ru sacrifice]
  6488 | D:6      | Reached * piety under Ru
  6488 | D:6      | Reached ** piety under Ru
  6644 | D:6      | Noticed olivier's ghost (novice DrBe)
  7715 | D:6      | Learned a level 5 spell: Blade Hands
  7720 | D:6      | Learned a level 4 spell: Ice Form
  7748 | D:7      | Reached XP level 9. HP: 50/58 MP: 12/15
  7820 | D:7      | Found an opulent altar of Gozag.
  7998 | D:7      | Found a sparkling altar of Nemelex Xobeh.
  8002 | D:7      | Found a stormy altar of Qazlal.
  8172 | D:7      | Noticed Pikel
  8190 | D:7      | Killed Pikel
  8190 | D:7      | Reached skill level 5 in Dodging
  8190 | D:7      | Reached skill level 7 in Unarmed Combat
  9291 | D:8      | Found a hazy altar of Hepliaklqana.
  9361 | D:8      | Noticed Joseph
  9389 | D:8      | Killed Joseph
  9389 | D:8      | Reached skill level 5 in Fighting
 10223 | D:8      | Reached skill level 5 in Spellcasting
 10372 | D:8      | Found a glowing golden altar of the Shining One.
 10428 | D:9      | Noticed a two-headed ogre
 10433 | D:9      | Killed a two-headed ogre
 10433 | D:9      | Reached skill level 8 in Unarmed Combat
 10433 | D:9      | Reached XP level 10. HP: 55/66 MP: 11/17
 10444 | D:9      | Gained mutation: You cannot study or use magical devices. [Ru sacrifice]
 10444 | D:9      | Reached *** piety under Ru
 10444 | D:9      | Reached **** piety under Ru
 10444 | D:9      | Reached ***** piety under Ru
 10895 | D:9      | Found a glowing silver altar of Zin.
 11074 | D:9      | Found a glowing golden altar of the Shining One.
 12016 | D:10     | Entered Level 10 of the Dungeon
 12490 | D:10     | Noticed a two-headed ogre
 12497 | D:10     | Killed a two-headed ogre
 12497 | D:10     | Reached skill level 9 in Unarmed Combat
 12649 | D:10     | Noticed Snorg
 12657 | D:10     | Killed Snorg
 12657 | D:10     | Reached XP level 11. HP: 57/72 MP: 12/20
 12859 | D:10     | Noticed Sonja
 13529 | D:10     | Found a roughly hewn altar of Beogh.
 13911 | D:10     | Killed Sonja
 14207 | D:11     | Noticed a two-headed ogre
 14214 | D:11     | Killed a two-headed ogre
 14214 | D:11     | Reached skill level 10 in Unarmed Combat
 14261 | D:11     | Noticed a cyan ugly thing
 14272 | D:11     | Slain by a cyan ugly thing

Skill      XL: |  1  2  3  4  5  6  7  8  9 10 11 |
---------------+----------------------------------+-----
Transmutations | 3 4 5 6 8 9 |  9.7
Unarmed Combat | 4 5 6 8 9 10 | 10.0
Fighting       | 2 3 4 5 6 |  6.7
Dodging        | 3 4 5 6 7 |  7.0
Spellcasting   | 3 4 5 6 |  6.3

Action                   |  1- 3 |  4- 6 |  7- 9 | 10-12 || total
-------------------------+-------+-------+-------+-------++-------
Melee: Unarmed           |    53 |   134 |   355 |   254 ||   796
       Constrict         |    12 |    28 |    39 |    24 ||   103
       Tentacles         |     6 |    16 |    37 |    40 ||    99
       Punch             |     2 |     4 |     8 |    13 ||    27
       Kick              |       |     3 |     5 |       ||     8
 Cast: Beastly Appendage |     1 |     2 |     5 |       ||     8
       Sticks to Snakes  |     1 |     3 |     2 |       ||     6
       Spider Form       |       |     5 |    17 |     1 ||    23
       Blade Hands       |       |       |     2 |     5 ||     7
       Ice Form          |       |       |       |     6 ||     6
Invok: Sacrifice a Hand  |       |       |     1 |       ||     1
       Sacrifice Artific |       |       |       |     1 ||     1
       Reject Sacrifices |       |       |       |     1 ||     1
  Use: Potion            |       |     3 |     1 |       ||     4
       Scroll            |       |       |    20 |     3 ||    23
 Stab: Sleeping          |     5 |     3 |     9 |     2 ||    19
       Distracted        |       |     1 |       |     1 ||     2
       Invisible         |       |       |     3 |       ||     3
  Eat: Chunk             |       |     9 |    21 |    11 ||    41
       Ration            |       |       |     1 |     1 ||     2
Armor: Skin              |     3 |    11 |    13 |    11 ||    38
Dodge: Dodged            |    29 |   104 |   267 |   155 ||   555
